 Dungeon Crawl Stone Soup version 0.31-a0-700-gf13585253f (webtiles) character file.

Game seed: 7821911942480304087

2243 LeprechaunX the Mimic (level 9, 0/54 HPs)
             Began as an Octopode Shapeshifter on Sept 7, 2023.
             Was a Follower of Hepliaklqana.
             Killed from afar by an electric eel (9 damage)
             ... with a bolt of electricity
             ... on level 6 of the Dungeon.
             The game lasted 00:13:36 (6059 turns).

LeprechaunX the Mimic (Octopode Shapeshifter)       Turns: 6059, Time: 00:13:37

Health: 0/54       AC:  7    Str: 20    XL:     9   Next: 37%
Magic:  9/9        EV: 12    Int: 12    God:    Hepliaklqana [*.....]
Gold:   180        SH:  0    Dex: 14    Spells: 8/8 levels left

rFire   . .          .
                       - Unarmed
rCold   . . .        (shield currently unavailable)
rNeg    . . .        (helmet currently unavailable)
rPois   .            (no amulet)
rElec   .            m - ring of willpower
rCorr   .            (no ring)
SInv    .            (no ring)
Will    +....        (no ring)
Stlth   +            (no ring)
HPRegen 0.29/turn    (no ring)
MPRegen 0.11/turn    (no ring)
                     (no ring)

%: no passive effects
@: snake-form
A: constrict, reduced essence, almost no armour, amphibious, 8 rings, large,
(camouflage 1), (gelatinous body 1), (nimble swimmer 1), (tentacles), (antennae
1)
a: Begin Untransformation, Renounce Religion, Recall Ancestor, Ancestor Identity


You were on level 6 of the Dungeon.
You worshipped Hepliaklqana.
Hepliaklqana was aware of your devotion.
You were an enormous anaconda.
You visited 2 branches of the dungeon, and saw 8 of its levels.
You also visited: Ossuary.

You collected 180 gold pieces.

Inventory:

Missiles
 f - 6 boomerangs (quivered)
Jewellery
 m - a ring of willpower (left tentacle)
 q - an amulet of magic regeneration
Talismans
 b - a beast talisman
 c - a flux talisman
 h - a serpent talisman (active)
Scrolls
 g - a scroll of amnesia
 j - a scroll of blinking
 k - 3 scrolls of teleportation
 l - 2 scrolls of poison
 n - a scroll of torment {unknown}
 t - 6 scrolls of noise
 v - a scroll of brand weapon {unknown}
 x - a scroll of immolation
 y - a scroll of fog {unknown}
 z - a scroll of enchant armour {unknown}
Potions
 a - 2 potions of resistance
 d - 3 potions of curing
 e - a potion of attraction {unknown}
 i - 2 potions of cancellation {unknown}
 o - 3 potions of haste {unknown}
 p - a potion of enlightenment {unknown}
 r - 2 potions of lignification
 s - 2 potions of might {unknown}
 u - a potion of mutation
 w - 3 potions of heal wounds {unknown}


   Skills:
 + Level 4.9 Fighting
 + Level 5.3 Dodging
 + Level 5.9 Unarmed Combat
 * Level 8.4 Shapeshifting


You had 8 spell levels left.
You didn't know any spells.
Your spell library contained the following spells:

 Spells                   Type           Power      Damage    Failure   Level
 Sting                    Tmut/Pois      0%         1d3       32%         1
 Poisonous Vapours        Pois/Air       0%         N/A       45%         2
 Hailstorm                Conj/Ice       0%         3d3       69%         3
 Ozocubu's Armour         Ice            0%         N/A       69%         3
 Cause Fear               Hex            0%         N/A       97%         4
 Olgreb's Toxic Radiance  Pois           0%         N/A       97%         4
 Summon Ice Beast         Ice/Summ       0%         N/A       97%         4
 Fireball                 Conj/Fire      0%         3d3       100%        5
 Metabolic Englaciation   Hex/Ice        0%         N/A       100%        5
 Simulacrum               Ice/Necr       0%         N/A       100%        6
 Dragon's Call            Summ           0%         N/A       100%        9


Dungeon Overview and Level Annotations

Branches:
Dungeon (7/15)             Temple (1/1) D:5         Ossuary (visited)

Altars:
Ashenzari
Cheibriados
Dithmenos
Elyvilon
Fedhas
Gozag
Hepliaklqana
Kikubaaqudgha
Makhleb
Nemelex Xobeh
Okawaru
Qazlal
Sif Muna
Trog
Wu Jian
Xom
Zin

Shops:
D:1 *   D:6 :

Annotations:
D:3 3 runed translucent doors, GoodGuyCap's ghost, amateur OpSh


Innate Abilities, Weirdness & Mutations

You are an enormous anaconda.
You have a powerful constriction melee attack.
Your armour is entirely melded.
You are incapable of wielding weapons or throwing items.
Your life essence is reduced to manifest your ancestor. (-10% HP)
You cannot wear most types of armour.
You are amphibious.
You can wear up to eight rings at the same time.
((Your skin changes colour to match your surroundings (Stealth+).))
((Your rubbery body absorbs attacks. (AC +1, EV +1)))
((You are camouflaged when in or above water. (Stealth+)))
((You have tentacles for arms and can constrict up to eight enemies at once.))
((You have a pair of small antennae on your head.))


Message History

You kill the gnoll!
The gnoll zaps a wand.
The bolt of light hits you!
You are confused.
The gnoll sergeant hits you but does no damage.
You hear a shout!
A gnoll comes into view.
The gnoll shouts!
You hear a shout!
The gnoll throws a boomerang.
The boomerang hits you but does no damage.
The gnoll throws a stone.
The stone hits you but does no damage.
The gnoll sergeant hits you from afar with a +0 trident!
Septimus hits the gnoll.
You're too confused to move!
You feel less confused.
The gnoll throws a boomerang.
The boomerang hits you.
* * * LOW HITPOINT WARNING * * *
The gnoll sergeant hits you from afar with a +0 trident!
* * * LOW HITPOINT WARNING * * *
Septimus hits the gnoll.
You feel better.
The jackal closely misses Septimus.
The gnoll hits Septimus but does no damage.
The gnoll sergeant hits you from afar with a +0 trident.
* * * LOW HITPOINT WARNING * * *
Septimus closely misses the gnoll.
The gnoll hits Septimus but does no damage.
The gnoll barely misses Septimus.
Septimus hits the gnoll but does no damage.
A gnoll comes into view.
The gnoll shouts!
An electric eel comes into view.
The gnoll throws a stone.
The stone barely misses you.
The gnoll hits Septimus.
Septimus completely misses the gnoll.
The gnoll zaps a wand.
You resist with almost no effort.
The gnoll moves out of view.
The gnoll throws a stone.
The stone hits you.
* * * LOW HITPOINT WARNING * * *
The gnoll hits Septimus.
The gnoll misses Septimus.
Septimus misses the gnoll.
The gnoll barely misses Septimus.
Septimus hits the gnoll.
The electric eel shoots out a bolt of lightning at you!
The bolt of electricity hits you!
You die...

...≈..# ...≈≈..# ....≈Sg#
#...≈.## #..≈..# #h≈..#
##g≈..# ##.g≈..# #
..##ghg≈.S# . ...gg≈≈≈..# .
#.hgR≈....# . #..?≈.....# .
....≈..#.###########
....##.....≈..............#
g...g.....≈≈.!.#...........
≈≈≈≈≈≈≈≈≈≈≈....#...########
..............##..#######


You could see the friendly Septimus the ancestor, 2 gnoll sergeants, 2 hounds,
an electric eel, 6 gnolls and a jackal.

Vanquished Creatures
  Sigmund (D:2)
  A shadow (D:5)
  A steam dragon (D:6)
  A water moccasin (D:7)
  2 ice beasts
  3 black bears
  A wolf (D:6)
  A kobold brigand (D:7)
  A bullfrog (D:6)
  3 scorpions
  A centaur zombie (Ossuary)
  2 human zombies (Ossuary)
  2 jellies
  6 hounds
  A gnoll bouda (D:5)
  A human skeleton (D:7)
  An iguana (D:6)
  3 mummies (Ossuary)
  Robin (D:2)
  18 gnolls
  4 adders
  2 shadow imps
  A white imp (D:3)
  2 ufetubi
  2 worms
  2 dart slugs (D:2)
  9 orcs
  7 bats
  7 endoplasms
  3 giant cockroaches
  16 goblins
  6 hobgoblins
  A jackal (D:6)
  17 kobolds
  2 quokkas
  5 ball pythons
  3 frilled lizards
  2 goblin zombies (Ossuary)
  A kobold zombie (Ossuary)
  3 orc zombies
  9 rats
155 creatures vanquished.

Vanquished Creatures (collateral kills)
  An electric eel (D:6)
  A gnoll (D:6)
  A jackal (D:6)
3 creatures vanquished.

Vanquished Creatures (others)
  2 ancestors (D:6)
2 creatures vanquished.

Grand Total: 160 creatures vanquished

Notes
Turn   | Place    | Note
-------+----------+-------------------------------------------
     0 | D:1      | LeprechaunX the Octopode Shapeshifter began the quest for
                  | the Orb.
     0 | D:1      | Reached XP level 1. HP: 13/13 MP: 1/1
    19 | D:1      | Found Mecw's Assorted Antiques.
   329 | D:1      | Reached XP level 2. HP: 18/18 MP: 2/2
   930 | D:2      | Reached XP level 3. HP: 12/23 MP: 3/3
  1021 | D:2      | Noticed Sigmund
  1035 | D:2      | Killed Sigmund
  1036 | D:2      | Reached skill level 5 in Shapeshifting
  1036 | D:2      | Reached XP level 4. HP: 28/28 MP: 4/4
  1036 | D:2      | Reached XP level 5. HP: 33/33 MP: 5/5
  1157 | D:2      | Noticed Robin
  1256 | D:2      | Killed Robin
  1257 | D:2      | Reached XP level 6. HP: 39/39 MP: 6/6
  1354 | D:2      | Found a shadowy altar of Dithmenos.
  1490 | D:2      | Found a faded altar of an unknown god.
  1624 | D:3      | Noticed GoodGuyCap's ghost (amateur OpSh)
  1632 | D:3      | Found a runed translucent gate.
  1632 | D:3      | Found a runed translucent gate.
  1632 | D:3      | Found a runed translucent gate.
  3409 | D:4      | Reached skill level 6 in Shapeshifting
  3409 | D:4      | Reached XP level 7. HP: 33/45 MP: 7/7
  4074 | D:5      | Entered Level 5 of the Dungeon
  4102 | D:5      | Noticed a shadow
  4177 | D:5      | Found a sparkling altar of Nemelex Xobeh.
  4178 | D:5      | Found an ornate altar of the Wu Jian Council.
  4219 | D:5      | Found a staircase to the Ecumenical Temple.
  4235 | D:5      | Gained mutation: You have a pair of small antennae on your
                  | head. [potion of mutation]
  4429 | Temple   | Entered the Ecumenical Temple
  4445 | Temple   | Became a worshipper of Hepliaklqana the Forgotten
  4483 | D:5      | Killed a shadow
  4484 | D:5      | Reached XP level 8. HP: 33/52 MP: 8/8
  4639 | D:5      | You fall into a shaft and drop 2 floors!
  4675 | D:7      | Reached skill level 7 in Shapeshifting
  4710 | D:7      | Found an ancient bone altar of Kikubaaqudgha.
  4769 | D:7      | Found a sand-covered staircase.
  4775 | D:7      | Reached skill level 5 in Unarmed Combat
  4778 | Ossuary  | Entered an ossuary
  5087 | D:6      | Reached * piety under Hepliaklqana
  5141 | D:6      | Found Gochosus's Book Shop.
  5221 | D:6      | Reached XP level 9. HP: 50/53 MP: 9/9
  5224 | D:6      | Reached skill level 8 in Shapeshifting
  5233 | D:6      | Reached skill level 5 in Dodging
  6059 | D:6      | Killed from afar by an electric eel

Illustrated notes

Levels and vault maps discovered:
D:1:      dpeg_arrival_court, layout_loops_corners, serial_shops,
          nicolae_shop_advertising_works [nicolae_subvault_shop_adworks]
D:2:      layout_rooms, hellmonk_ecumenical_altar_heavens_door, basic_altar,
          uniq_sigmund, uniq_robin
D:3:      layout_loops_corners, serial_bayou, serial_bayou_shore_b,
          serial_bayou_pond_e, serial_bayou_pond_a, serial_bayou_crossing,
          serial_bayou_pond_b, serial_bayou_lake_a, gammafunk_ghost_icy,
          minmay_goblin_kobold_house
D:4:      layout_cave_pods
D:5:      layout_rooms, gammafunk_temple_overflow_statue,
          minmay_temple_entry_glassed_door
D:6:      layout_cave_pools, serial_gnoll_camp, gnoll_camp_mini_sergeant,
          gnoll_camp_mini_doghouse, gnoll_camp_mini_shop, gnoll_camp_huts_moat,
          due_unseen_surprise
D:7:      layout_basic, kiku_gazebo_garden_becter,
          lemuel_zombie_altar_yredelemnul, nicolae_ossuary_entry_catacombs,
          st_stairs_5
Temple:   eino_temple_water

Skill      XL: |  1  2  3  4  5  6  7  8  9 |
---------------+----------------------------+-----
Shapeshifting  | 5 6 7 8 |  8.4
Fighting       | 2 3 4 |  4.9
Dodging        | 3 4 5 |  5.3
Unarmed Combat | 4 5 |  5.9

Action                     |  1- 3 |  4- 6 |  7- 9 || total
---------------------------+-------+-------+-------++-------
  Melee: Unarmed           |    49 |   128 |   160 ||   337
         Constrict         |    11 |    36 |    39 ||    86
         Tentacles         |     5 |    26 |    11 ||    42
         Punch             |       |     4 |     4 ||     8
    Use: Potion            |     1 |     3 |     4 ||     8
         Scroll            |       |       |     5 ||     5
   Stab: Sleeping          |     6 |    10 |     2 ||    18
         Distracted        |       |       |     1 ||     1
 Armour: Skin              |    20 |    52 |   110 ||   182
  Dodge: Dodged            |    10 |    52 |   106 ||   168
   Form: Anaconda          |       |       |     2 ||     2
         Beast             |       |       |     1 ||     1

Table legend: (Time is in decaauts)
 A = Elapsed time spent in this place.
 B = Non-inter-level travel time spent in this place.
 C = Inter-level travel time spent in this place.
 D = Time resting spent in this place.
 E = Time spent auto-exploring this place.
 F = Levels seen in this place.
 G = Mean time per level.
                   A        B        C        D        E       F      G
               +--------+--------+--------+--------+--------+-----+--------+
         Total |   6044 |   5830 |    214 |    974 |   3441 |   9 |  671.6 |
       Dungeon |   5757 |   5574 |    183 |    927 |   3441 |   7 |  822.4 |
        Temple |     32 |      1 |     31 |      0 |      0 |   1 |   32.0 |
       Ossuary |    254 |    254 |      0 |     47 |      0 |   1 |  254.0 |
               +--------+--------+--------+--------+--------+-----+--------+

Top non-repeatable levels by time:
     D:4: 1288 daAuts
     D:3: 1176 daAuts
     D:1: 907 daAuts
     D:6: 745 daAuts
     D:5: 720 daAuts
     D:2: 689 daAuts
 Ossuary: 254 daAuts
     D:7: 230 daAuts
  Temple: 32 daAuts
